 Dungeon Crawl Stone Soup version 0.31.0-11-ge490571c62 (webtiles) character file.

Game seed: 18245117996768067144

112636 olmar the Warrior (level 15, -4/139 HPs)
             Began as a Demonspawn Monk on Feb 4, 2024.
             Was the Champion of Okawaru.
             Shot with an arrow by a centaur warrior (12 damage)
             ... on level 15 of the Dungeon.
             The game lasted 00:30:07 (20013 turns).

olmar the Warrior (Demonspawn Monk)                Turns: 20013, Time: 00:30:07

Health: -4/139     AC:  9    Str: 18    XL:     15   Next: 86%
Magic:  30/30      EV: 13    Int: 12    God:    Okawaru [******]
Gold:   1202       SH:  6    Dex: 15    Spells: 14/14 levels left

rFire   + . .        Z - +7 sceptre of Torment {pain, torment}
rCold   . . .        d - orb {light}
rNeg    . . .        a - +1 robe of Vines {NoPotionHeal Regen++++}
rPois   .            j - +2 hat
rElec   .            f - +2 cloak {rCorr}
rCorr   +            (no gloves)
SInv    .            G - +0 pair of boots
Will    +....        (no amulet)
Stlth   +            l - ring of magical power
HPRegen 3.63/turn    M - ring of protection from fire
MPRegen 0.22/turn

%: no passive effects
@: glowing
A: large bone plates 2, icemail 2, spiny 2, condensation shield, weakness
stinger 2
a: Renounce Religion, Heroism, Finesse, Duel


You were on level 15 of the Dungeon.
You worshipped Okawaru.
Okawaru was exalted by your worship.
You visited 4 branches of the dungeon, and saw 23 of its levels.

You collected 2792 gold pieces.
You spent 1590 gold pieces at shops.

Inventory:

Hand Weapons
 Z - the +7 sceptre of Torment (weapon) {pain, torment}
   (Okawaru gifted it to you on level 1 of the Lair of Beasts)
Missiles
 b - 7 atropa-tipped darts
 w - 9 silver javelins
 H - 62 poisoned darts (quivered)
 L - 10 curare-tipped darts
 P - 2 throwing nets
 Q - 7 javelins
 W - 2 datura-tipped darts
Armour
 a - the +1 robe of Vines (worn) {NoPotionHeal Regen++++}
   (Okawaru gifted it to you on level 1 of the Lair of Beasts)

   NoPotionHeal: Its wearer cannot be healed by potions.
   Regen++++: It increases your rate of health regeneration.
 d - an orb of light (worn)
 f - a +2 cloak of preservation (worn)
 j - a +2 hat (worn)
 G - a +0 pair of boots (worn)
Jewellery
 l - a ring of magical power (left hand)
 M - a ring of protection from fire (right hand)
Wands
 h - a wand of polymorph (5)
 i - a wand of mindburst (3)
 B - a wand of flame (53)
 K - a wand of digging (6)
 O - a wand of iceblast (19)
 R - a wand of paralysis (18)
 V - a wand of light (3)
Scrolls
 e - 2 scrolls of blinking
 m - 2 scrolls of enchant weapon
 n - a scroll of enchant armour
 q - 6 scrolls of teleportation
 r - 2 scrolls of vulnerability {unknown}
 s - 2 scrolls of revelation {unknown}
 u - a scroll of acquirement {unknown}
 v - 2 scrolls of identify
 x - 2 scrolls of fog {unknown}
 y - 4 scrolls of poison
 C - 3 scrolls of silence {unknown}
 E - 2 scrolls of brand weapon {unknown}
 I - 3 scrolls of fear
Potions
 c - 4 potions of ambrosia
 g - 4 potions of mutation
 k - 10 potions of enlightenment
 o - 7 potions of curing
 p - a potion of invisibility
 t - 3 potions of resistance
 z - 4 potions of might
 A - 5 potions of haste
 D - a potion of attraction
 F - 2 potions of berserk rage {unknown}
 N - 4 potions of heal wounds
 S - a potion of magic
 U - 3 potions of lignification
 X - 3 potions of brilliance


   Skills:
 + Level 19.0 Fighting
 + Level 19.0 Maces & Flails
 + Level 2.0 Throwing
 - Level 3.0 Dodging
 + Level 8.2 Invocations
 - Level 0.2 Evocations


You had 14 spell levels left.
You didn't know any spells.
Your spell library contained the following spells:

 Spells                   Type           Power      Damage    Failure   Level
 Foxfire                  Conj/Fire      0%         2x1d4     32%         1
 Magic Dart               Conj           0%         1d3       32%         1
 Necrotise                Necr           0%         1d4       32%         1
 Sandblast                Erth           0%         2d4       32%         1
 Blink                    Tloc           0%         N/A       45%         2
 Lesser Beckoning         Tloc           0%         N/A       45%         2
 Mercury Vapours          Alch/Air       0%         N/A       45%         2
 Searing Ray              Conj           0%         2d4       45%         2
 Gell's Gravitas          Tloc           0%         N/A       69%         3
 Hailstorm                Conj/Ice       0%         3d5       69%         3
 Mephitic Cloud           Conj/Alch/Air  0%         N/A       69%         3
 Passwall                 Erth           0%         N/A       69%         3
 Stone Arrow              Conj/Erth      0%         3d7       69%         3
 Teleport Other           Tloc           0%         N/A       69%         3
 Vampiric Draining        Necr           0%         2d6       69%         3
 Brom's Barrelling Bould  Conj/Erth      0%         2d3       97%         4
 Fulminant Prism          Conj/Alch      0%         3d5       97%         4
 Leda's Liquefaction      Alch/Erth      0%         N/A       97%         4
 Olgreb's Toxic Radiance  Alch           0%         N/A       97%         4
 Passage of Golubria      Tloc           0%         N/A       97%         4
 Curse of Agony           Necr           0%         N/A       100%        5
 Freezing Cloud           Conj/Ice/Air   0%         6-21      100%        5
 Iskenderun's Battlesphe  Conj           0%         2d6       100%        5
 Lee's Rapid Deconstruct  Erth           0%         3d4*      100%        5
 Yara's Violent Unravell  Hex/Alch       0%         3d3       100%        5
 Bombard                  Conj/Erth      0%         9d1       100%        6
 Dispersal                Tloc           0%         N/A       100%        6
 Plasma Beam              Fire/Air       0%         2x1d10    100%        6
 Starburst                Conj/Fire      0%         6d3       100%        6
 Ozocubu's Refrigeration  Ice            0%         4d7       100%        7
 Discord                  Hex            0%         N/A       100%        8
 Call Imp                 Summ           Unusable   N/A       N/A         2
 Summon Ice Beast         Ice/Summ       Unusable   N/A       N/A         3
 Tukima's Dance           Hex            Unusable   N/A       N/A         3
 Martyr's Knell           Necr/Summ      Unusable   N/A       N/A         4
 Sculpt Simulacrum        Ice/Alch       Unusable   N/A       N/A         6
 Spellforged Servitor     Conj/Summ      Unusable   N/A       N/A         7

Dungeon Overview and Level Annotations

Branches:
Dungeon (15/15)            Temple (1/1) D:6            Lair (5/5) D:10
  Swamp (0/4) Lair:3       Spider (0/4) Lair:3        Slime (0/5) Lair:5
    Orc (2/2) D:12            Elf (0/3) Orc:2        Vaults (0/5) D:14
 Depths: D:15

Altars:
Ashenzari
Cheibriados
Dithmenos
Fedhas
Gozag
Hepliaklqana
Kikubaaqudgha
Makhleb
Nemelex Xobeh
Okawaru
Qazlal
Ru
Sif Muna
Trog
Uskayaw
Vehumet
Wu Jian
Xom
Yredelemnul
Jiyva

Shops:
D:3 *[   D:6 (   D:8 *   D:13 *   Orc:2 ?[![

Portals:
Trove: D:15 (give +3 storm dragon scales)

Annotations:
D:7 1 transporter, Dazliare's ghost, novice NaSh
D:13 Mebb's ghost, journeyman SpEn


Innate Abilities, Weirdness & Mutations

You are mostly covered in large bone plates. (SH +6)
A meltable icy envelope protects you from harm. (AC +0)
You are mostly covered in sharp spines.
A meltable shield of frost defends you. (SH +0)
You have a tail ending in a sharp stinger.


Message History

The deep troll earth mage barely misses you.
Unknown command.
You hit the deep troll earth mage.
The death knight convulses!
The deep troll earth mage convulses!
The centaur warrior convulses!
The deep troll earth mage is severely wounded.
Unknown command.
You puncture the death knight!
The death knight convulses!
The deep troll earth mage convulses!
The centaur warrior convulses!
The death knight is almost dead.
The death knight invokes the aid of Yredelemnul against you.
You resist with significant effort. The deep troll earth mage bites you!!
The deep troll earth mage claws you!
* * * LOW HITPOINT WARNING * * *
The deep troll earth mage claws you!
* * * LOW HITPOINT WARNING * * *
You hit the death knight.
Your tail-slap misses the death knight.
The death knight is almost dead.
The deep troll earth mage is struck by your spines.
The deep troll earth mage bites you but does no damage.
The deep troll earth mage claws you!
* * * LOW HITPOINT WARNING * * *
The deep troll earth mage barely misses you.
The death knight hits you with a +2 halberd!!
* * * LOW HITPOINT WARNING * * *
Unknown command.
Blink to where?
Press: ? - help, Dir - move target
As you read the scroll of blinking, it crumbles to dust.
The death knight invokes the aid of Yredelemnul against you.
Your body is wracked with pain!
* * * LOW HITPOINT WARNING * * *
The deep troll earth mage casts a spell next to you.
The wall shatters!
The blast of rock fragments hits you.
* * * LOW HITPOINT WARNING * * *
You hear an angry buzzing noise.
Unknown command.
Unknown command.
The centaur warrior wields a +0 orcbow.
The centaur warrior shoots an arrow.
The arrow hits you!
You die...

....# #.#
................##.##
##### #.#
................##...
#.#
................##.##
#..
......#.........##.#
......#............#
.......)........####
......#.).......#
#######)).......# #
#.@...........# #
#.###.#.####### #
#.###.#.# #
##).##.#.# #
##..##.#.# ####### #
##..##.#.# #.....# #
#.§##...# #.+++.# #
#cTp##...#####.+∩+.#
#
#...##.......#.'++.#


You could see a centaur warrior and a deep troll earth mage.

Vanquished Creatures
  Rupert (Orc:2)
  Kirke (Lair:4)
  2 orc warlords
  5 slime creatures
  A very ugly thing (D:13)
  An ettin (Orc:1)
  Josephine (D:13)
  A yaktaur captain (D:13)
  2 vault guards (D:14)
  6 hydras
  8 centaur warriors
  A catoblepas (D:13)
  6 two-headed ogres
  5 death yaks (Lair:2)
  A boulder beetle (D:14)
  5 orc high priests (Orc:2)
  Urug (Lair:3)
  5 skysharks
  3 skeletal warriors (D:15)
  3 arcanists (D:14)
  A lindwurm (Lair:5)
  A necromancer (D:14)
  Pikel (D:7)
  2 deep elf pyromancers (D:15)
  10 orc knights
  An eye of devastation (shapeshifter) (D:13)
  4 ugly things (D:14)
  4 cyclopes
  2 orc sorcerers
  Maurice (D:10)
  5 manticores
  7 elephants
  3 kobold blastminers
  2 black mambas
  A torpor snail (Lair:5)
  A gargoyle (D:13)
  A guardian serpent (shapeshifter) (D:13)
  16 cane toads
  An unseen horror (shapeshifter) (D:13)
  3 rime drakes
  2 efreet (D:15)
  6 komodo dragons
  5 yaktaurs (D:15)
  A kobold demonologist (D:10)
  A tengu conjurer (D:15)
  7 trolls
  7 polar bears
  5 hornets
  A tarantella (Lair:3)
  18 blink frogs
  5 dream sheep (Lair:5)
  A centaur simulacrum (D:15)
  4 wraiths (D:13)
  19 spriggans
  6 wyverns
  53 yaks
  A vampire (D:12)
  A shadow (D:11)
  4 hogs (Lair:4)
  18 humans
  4 basilisks
  3 steam dragons
  3 vampire mosquitoes (D:9)
  4 wargs
  A redback (Lair:3)
  4 acid dragons
  14 water moccasins
  38 orc warriors
  2 ice beasts
  A sky beast (D:6)
  5 black bears
  16 centaurs
  4 boggarts (Lair:5)
  A lemure (D:6)
  29 wolves
  6 ogres
  7 kobold brigands
  10 bullfrogs
  3 gnoll sergeants
  7 scorpions
  5 killer bees (D:8)
  An electric eel (Lair:3)
  8 howler monkeys
  A bombardier beetle (D:5)
  4 hounds
  2 jellies (D:6)
  34 orc priests
  Ijyb (D:4)
  A sleepcap (D:5)
  Jessica (D:3)
  4 iguanas
  12 orc wizards
  16 gnolls
  7 adders
  A shadow imp (D:8)
  A ribbon worm (D:2)
  5 dart slugs
  79 orcs
  7 ball pythons
  8 endoplasms
  5 giant cockroaches
  10 goblins
  7 hobgoblins
  4 jackals (D:2)
  24 kobolds
  7 quokkas
  7 bats
  3 frilled lizards
  4 rats
722 creatures vanquished.

Notes
Turn   | Place    | Note
-------+----------+-------------------------------------------
     0 | D:1      | olmar the Demonspawn Monk began the quest for the Orb.
     0 | D:1      | Reached XP level 1. HP: 18/18 MP: 1/1
   111 | D:1      | Gained mutation: You have a small tail. [demonic ancestry]
   111 | D:1      | Reached XP level 2. HP: 24/24 MP: 2/2
   655 | D:1      | Gained mutation: A meltable shield of frost defends you.
                  | (SH +0) [demonic ancestry]
   655 | D:1      | Reached XP level 3. HP: 27/29 MP: 3/3
  1519 | D:2      | Gained mutation: You are partially covered in sharp spines.
                  | [demonic ancestry]
  1519 | D:2      | Reached XP level 4. HP: 30/36 MP: 4/4
  2090 | D:3      | Found Piam's General Store.
  2105 | D:3      | Bought a potion of curing for 33 gold pieces
  2202 | D:3      | Reached XP level 5. HP: 23/42 MP: 5/5
  2619 | D:3      | Noticed Jessica
  2630 | D:3      | Killed Jessica
  2647 | D:3      | Reached skill level 5 in Maces & Flails
  2752 | D:3      | Found Rozeant's Antique Armour Shoppe.
  2861 | D:3      | Gained mutation: You have a tail ending in a sharp stinger.
                  | [demonic ancestry]
  2861 | D:3      | Reached XP level 6. HP: 49/49 MP: 6/6
  2895 | D:4      | Noticed Ijyb
  2897 | D:4      | Paralysed by Ijyb for 3 turns
  2948 | D:4      | Paralysed by Ijyb for 3 turns
  2955 | D:4      | Killed Ijyb
  3677 | D:5      | Entered Level 5 of the Dungeon
  3745 | D:5      | Noticed an ice beast
  3759 | D:5      | Killed an ice beast
  3760 | D:5      | Reached skill level 5 in Fighting
  3760 | D:5      | Gained mutation: You are mostly covered in sharp spines.
                  | [demonic ancestry]
  3760 | D:5      | Reached XP level 7. HP: 56/56 MP: 7/7
  4834 | D:6      | Found a staircase to the Ecumenical Temple.
  4838 | D:6      | Reached XP level 8. HP: 62/64 MP: 8/8
  4902 | Temple   | Entered the Ecumenical Temple
  4920 | D:6      | Found Oboa's Antique Weapon Boutique.
  5717 | D:7      | Noticed a hornet
  5731 | D:7      | Killed a hornet
  6003 | D:7      | Noticed Pikel
  6167 | Temple   | Became a worshipper of Warmaster Okawaru
  6167 | Temple   | Reached * piety under Okawaru
  6167 | Temple   | Reached ** piety under Okawaru
  6309 | D:7      | Killed Pikel
  6310 | D:7      | Gained mutation: You are partially covered in large bone
                  | plates. (SH +4) [demonic ancestry]
  6310 | D:7      | Reached XP level 9. HP: 72/72 MP: 10/10
  6342 | D:7      | Found a transporter.
  6415 | D:7      | Reached skill level 10 in Maces & Flails
  6667 | D:7      | Noticed Dazliare's ghost (novice NaSh)
  6734 | D:6      | Bought a brightly glowing flail for 272 gold pieces
  6734 | D:6      | Identified the +7 flail "Petymiwomei" {vamp, Dex+4} (You
                  | bought it in a shop on level 6 of the Dungeon)
  7977 | D:8      | Found Bocog's Gadget Gallery.
  8359 | D:9      | Reached *** piety under Okawaru
  8360 | D:9      | Gained mutation: A meltable icy envelope protects you from
                  | harm. (AC +0) [demonic ancestry]
  8360 | D:9      | Reached XP level 10. HP: 74/82 MP: 11/11
  8451 | D:9      | Found a burning altar of Makhleb.
  8645 | D:9      | Noticed a two-headed ogre
  8656 | D:9      | Killed a two-headed ogre
  8656 | D:9      | Reached **** piety under Okawaru
  8869 | D:9      | Found an ancient bone altar of Kikubaaqudgha.
  8871 | D:9      | Found an opulent altar of Gozag.
  8871 | D:9      | Found a shadowy altar of Dithmenos.
  9077 | D:10     | Entered Level 10 of the Dungeon
  9077 | D:10     | Noticed a two-headed ogre
  9087 | D:10     | Killed a two-headed ogre
  9099 | D:10     | Found a staircase to the Lair.
  9145 | D:10     | Reached ***** piety under Okawaru
  9153 | D:10     | Gained mutation: A meltable icy envelope protects you from
                  | harm. (AC +0) [demonic ancestry]
  9153 | D:10     | Reached XP level 11. HP: 81/90 MP: 13/13
  9169 | D:10     | Reached skill level 10 in Fighting
  9245 | D:10     | Found a radiant altar of Vehumet.
  9245 | D:10     | Found a bloodstained altar of Trog.
  9321 | D:10     | Noticed Maurice
  9334 | D:10     | Maurice stole a staff of earth
  9336 | D:10     | Killed Maurice
  9434 | D:10     | Found a sacrificial altar of Ru.
  9456 | D:10     | Found a shimmering blue altar of Sif Muna.
  9684 | Lair:1   | Entered Level 1 of the Lair of Beasts
  9720 | Lair:1   | Received a gift from Okawaru
  9745 | Lair:1   | Reached skill level 1 in Throwing
  9957 | Lair:1   | Received a gift from Okawaru
  9962 | Lair:1   | Reached ****** piety under Okawaru
  9999 | Lair:1   | Acquired the +7 sceptre of Torment {pain, torment}
  9999 | Lair:1   | Received a gift from Okawaru
  9999 | Lair:1   | Found the +7 sceptre of Torment {pain, torment}
 10002 | Lair:1   | Acquired the +1 robe of Vines {NoPotionHeal Regen++++}
 10002 | Lair:1   | Received a gift from Okawaru
 10002 | Lair:1   | Found the +1 robe of Vines {NoPotionHeal Regen++++}
 10063 | Lair:1   | Identified the +1 robe of Virtue {-Cast *Slow rPois Str+7}
 10425 | Lair:2   | Reached XP level 12. HP: 101/101 MP: 15/15
 10439 | Lair:2   | Noticed a five-headed hydra
 10449 | Lair:2   | Killed a five-headed hydra
 10613 | Lair:2   | Received a gift from Okawaru
 10649 | Lair:2   | Noticed a death yak
 10649 | Lair:2   | Noticed a death yak
 10649 | Lair:2   | Noticed a death yak
 10650 | Lair:2   | Noticed a death yak
 10657 | Lair:2   | Killed a death yak
 10658 | Lair:2   | Reached skill level 15 in Maces & Flails
 10659 | Lair:2   | Noticed a death yak
 10662 | Lair:2   | Killed a death yak
 10664 | Lair:2   | Killed a death yak
 10669 | Lair:2   | Killed a death yak
 10672 | Lair:2   | Killed a death yak
 10672 | Lair:2   | Received a gift from Okawaru
 11394 | Lair:3   | Found a hole to the Spider Nest.
 11517 | Lair:3   | Reached XP level 13. HP: 111/111 MP: 16/16
 11582 | Lair:3   | Noticed Urug
 11598 | Lair:3   | Killed Urug
 11745 | Lair:3   | Found a staircase to the Swamp.
 11760 | Lair:3   | Received a gift from Okawaru
 12291 | Lair:4   | Noticed Kirke
 12316 | Lair:4   | Killed Kirke
 12505 | Lair:4   | Received a gift from Okawaru
 12993 | Lair:5   | Entered Level 5 of the Lair of Beasts
 13248 | Lair:5   | Received a gift from Okawaru
 13249 | Lair:5   | Reached skill level 15 in Fighting
 13333 | Lair:5   | Got an earthy gem with 219 turns to spare
 13339 | Lair:5   | Identified the +6 rapier "Miusig" {elec, *Rage rElec rN+
                  | Dex+2}
 13375 | Lair:5   | Reached skill level 5 in Invocations
 13376 | Lair:5   | Received a gift from Okawaru
 13403 | Lair:5   | Reached XP level 14. HP: 123/123 MP: 17/17
 13612 | Lair:5   | Received a gift from Okawaru
 13926 | Lair:5   | Found a viscous altar of Jiyva.
 13926 | Lair:5   | Found a staircase to the Slime Pits.
 14932 | D:12     | Found a staircase to the Orcish Mines.
 14962 | Orc:1    | Entered Level 1 of the Orcish Mines
 15058 | Orc:1    | Noticed an orc warlord
 15065 | Orc:1    | Received a gift from Okawaru
 15080 | Orc:1    | Killed an orc warlord
 15541 | Orc:2    | Entered Level 2 of the Orcish Mines
 15662 | Orc:2    | Noticed Rupert
 15674 | Orc:2    | Killed Rupert
 15761 | Orc:2    | Received a gift from Okawaru
 15950 | Orc:2    | Found a staircase to the Elven Halls.
 15966 | Orc:2    | Noticed an orc warlord
 15992 | Orc:2    | Killed an orc warlord
 15993 | Orc:2    | Gained mutation: You are mostly covered in large bone
                  | plates. (SH +6) [demonic ancestry]
 15993 | Orc:2    | Reached XP level 15. HP: 111/134 MP: 20/20
 16340 | Orc:2    | Found Xuerch's Armour Boutique.
 16340 | Orc:2    | Found Lias's Distillery.
 16341 | Orc:2    | Found Migoq's Antique Armour Shop.
 16341 | Orc:2    | Found Yme Bigg's Magic Scroll Boutique.
 16351 | Orc:2    | Bought a scroll of amnesia for 60 gold pieces
 16351 | Orc:2    | Bought a scroll of butterflies for 60 gold pieces
 16351 | Orc:2    | Bought a scroll of blinking for 112 gold pieces
 16351 | Orc:2    | Bought a scroll of teleportation for 45 gold pieces
 16351 | Orc:2    | Bought a scroll of teleportation for 45 gold pieces
 16351 | Orc:2    | Bought a scroll of teleportation for 45 gold pieces
 16351 | Orc:2    | Bought a scroll of identify for 30 gold pieces
 16355 | Orc:2    | Bought a potion of heal wounds for 70 gold pieces
 16355 | Orc:2    | Bought 2 potions of resistance for 280 gold pieces
 16355 | Orc:2    | Bought a potion of haste for 140 gold pieces
 16355 | Orc:2    | Bought a potion of heal wounds for 70 gold pieces
 16355 | Orc:2    | Bought a potion of enlightenment for 70 gold pieces
 16359 | Orc:2    | Bought a +2 cloak of preservation for 258 gold pieces
 17342 | D:13     | Noticed Josephine
 17353 | D:13     | Killed Josephine
 17492 | D:13     | Found a runed translucent gate.
 17492 | D:13     | Found a runed translucent gate.
 17492 | D:13     | Found a runed translucent gate.
 17494 | D:13     | Found an opulent altar of Gozag.
 17495 | D:13     | Noticed Mebb's ghost (journeyman SpEn)
 17496 | D:13     | Found Lotiym's Assorted Antiques.
 17792 | D:13     | Received a gift from Okawaru
 17977 | D:14     | Found a burning altar of Makhleb.
 17982 | D:14     | Identified the +0 robe "Jetituem" {Dex+3}
 18112 | D:14     | Found a gate to the Vaults.
 18126 | D:14     | Received a gift from Okawaru
 18990 | D:15     | Entered Level 15 of the Dungeon
 19137 | D:15     | Found a portal to a secret trove of treasure.
 19424 | D:15     | Found an opulent altar of Gozag.
 19774 | D:15     | Identified the +2 leather armour "Xyx Oviq" {Fly rElec
                  | Will+ Dex+3}
 20011 | D:15     | HP: 5/139 [death knight/+2 halberd (18)]
 20013 | D:15     | Shot with an arrow by a centaur warrior

Illustrated notes

Levels and vault maps discovered:
D:1:      saegor_arrival_simple_a, layout_basic, st_stairs_3,
          nicolae_figureground_pulse
D:2:      layout_loops_ring, grunt_ministairs_3
D:3:      layout_basic, serial_shops, nicolae_shop_behind_doors,
          nicolae_shop_tiny_glass, cheibrodos_gnoll_hut, uniq_jessica
D:4:      layout_basic, uniq_ijyb
D:5:      layout_basic, serial_curves, eino_curves_02, eino_curves_01,
          eino_curves_04, amcnicky_mini_rare_corridor_liquid
D:6:      layout_loops_cross, temple_pool_b, serial_shops, shop
D:7:      layout_basic, gammafunk_ghost_smash, uniq_pikel
D:8:      layout_loops_ring, roderic_serpentine_path, minmay_misc_feat_tiny,
          nicolae_shop_gadgets
D:9:      layout_irregular_city, mainiacjoe_overflow_alcove_3,
          lightli_temple_of_fire, chequers_serial_rivers_micro_e
D:10:     layout_cross, nicolae_overflow_hidden_temple, serial_glass,
          glass_columns_b, uniq_maurice
D:11:     layout_gridville
D:12:     layout_gridville, kennysheep_orc_monster_closet_entryway,
          minmay_rotating_lava
D:13:     layout_basic, ebering_ghost_gozag, uniq_josephine
D:14:     layout_loops_corners, grunt_vaults_entry_tiered, bloody_makhleb
D:15:     hellmonk_depths_entry_around_the_bend, layout_loops_corners,
          enter_trove_6, nicolae_gozag_seed_capital
Temple:   compressed_dpeg_triangle_lava_temple
Lair:1:   layout_loops_ring, st_stairs_7, grunt_megastairs_2, lemuel_fruit_tree
Lair:2:   kb_forest_paths, layout_chaotic_city
Lair:3:   layout_gridlike, minmay_swamp_entry_reptiles,
          spider_nest_entry_rubble, uniq_urug
Lair:4:   layout_regular_city, beast_lair_carwin_9, grunt_megastairs_4,
          uniq_kirke
Lair:5:   minmay_lair_end_enchanted_forest, layout_long_grid,
          dpeg_slime_entry_enclosed, serial_bayou_pond_d, st_stairs_4
Orc:1:    layout_caves, serial_shops, shop, nicolae_orc_minecarts
Orc:2:    st_orc_pillars, layout_caves, library_closet, mines2_david,
          uniq_rupert

Skill      XL: |  1  2  3  4  5  6  7  8  9 10 11 12 13 14 15 |
---------------+----------------------------------------------+-----
Maces & Flails | 3 4 5 6 7 9 11 12 14 16 17 18 19 | 19.0
Dodging        | 3 |  3.0
Fighting       | 4 5 7 8 9 11 13 15 17 19 | 19.0
Invocations    | 2 3 4 5 7 8 |  8.2
Throwing       | 1 2 |  2.0
Evocations     | |  0.2

Action                     |  1- 3 |  4- 6 |  7- 9 | 10-12 | 13-15 || total
---------------------------+-------+-------+-------+-------+-------++-------
  Melee: Mace              |    93 |   141 |   131 |       |       ||   365
         Tailslap          |    11 |    22 |    45 |    69 |   149 ||   296
         Flail             |       |       |    67 |   222 |       ||   289
         Whip              |       |       |    13 |       |       ||    13
         Eveningstar       |       |       |       |   126 |   816 ||   942
  Throw: Dart              |       |       |     3 |       |     2 ||     5
         Javelin           |       |       |       |     2 |     8 ||    10
 Invoke: Heroism           |       |       |     3 |     1 |    11 ||    15
         Finesse           |       |       |       |     1 |     9 ||    10
         Receive Weapon    |       |       |       |     1 |       ||     1
         Receive Armour    |       |       |       |     1 |       ||     1
  Evoke: Wand              |       |       |     5 |     5 |    21 ||    31
    Use: Scroll            |       |     2 |       |    13 |     9 ||    24
         Potion            |       |       |     1 |       |     1 ||     2
   Stab: Sleeping          |       |     1 |       |       |       ||     1
         Paralysed         |       |       |     6 |     9 |     4 ||    19
 Armour: Robe              |    53 |    98 |    88 |   243 |   601 ||  1083
  Dodge: Dodged            |    76 |   102 |   102 |   176 |   428 ||   884
